 Dungeon Crawl Stone Soup version 0.26-a0-812-g31a745ddcd (webtiles) character file.

Game seed: 12587660163372278112

5668 kae the Martial Artist (level 10, -8/60 HPs)
             Began as a Tengu Transmuter on Nov 24, 2020.
             Was a Believer of Wu Jian.
             Mangled by an orc warrior
             ... wielding a +0 long sword
              (20 damage)
             ... on level 8 of the Dungeon.
             The game lasted 00:17:18 (12734 turns).

kae the Martial Artist (Tengu Transmuter)          Turns: 12734, Time: 00:17:19

Health: -8/60      AC:  2    Str: 14    XL:     10   Next: 75%
Magic:  16/19      EV: 34    Int: 13    God:    Wu Jian [**....]
Gold:   1720       SH:  0    Dex: 26    Spells: 16/20 levels left

rFire    . . .     SeeInvis .     - Unarmed
rCold    + . .     Faith    .   (shield currently unavailable)
rNeg     . . .     Spirit   .   (armour currently unavailable)
rPois    x         Reflect  .   (helmet currently unavailable)
rElec    .         Harm     .   (cloak currently unavailable)
rCorr    .         Rampage  .   (gloves currently unavailable)
MR       .....                  (boots unavailable)
Stlth    ++........             (no amulet)
HPRegen  0.20/turn              o - +6 ring of dexterity
MPRegen  0.16/turn              c - ring of protection from cold

@: spider-form (expiring), flying quickly and evasively, quick
A: tiny, able to fly
a: Stop Flying, End Transformation, Wall Jump, Renounce Religion


You were on level 8 of the Dungeon.
You worshipped Wu Jian.
Wu Jian was pleased with you.
You were a venomous arachnid creature.
You visited 2 branches of the dungeon, and saw 11 of its levels.
You also visited: Ossuary.

You collected 1720 gold pieces.

Inventory:

Armour
 a - a +0 robe (melded)
 q - a +1 cloak (melded)
 t - a +0 pair of gloves (melded)
Jewellery
 c - a ring of protection from cold (right front leg)
 o - a +6 ring of dexterity (left front leg)
 w - an uncursed amulet of guardian spirit
 x - a cursed amulet of inaccuracy {unknown}
 y - the ring of Ityiz {Wiz Dex+4 Slay+3 Stlth-}
   (You acquired it in an ossuary)

   [ring of wizardry]

   It improves your spell success rate.
   It affects your dexterity (+4).
   It affects your accuracy and damage with ranged weapons and melee attacks
   (+3).
   It makes you less stealthy.
Wands
 e - a wand of polymorph (18)
 p - a wand of digging (4)
 v - a wand of acid (7)
Scrolls
 b - 4 scrolls of random uselessness
 d - 3 scrolls of identify
 i - 3 scrolls of teleportation
 j - 5 scrolls of remove curse
 k - a scroll of amnesia
 r - 2 scrolls of summoning
 s - 2 scrolls of enchant weapon
Potions
 f - 3 potions of curing
 g - 2 potions of haste
 h - 4 potions of mutation
 l - 3 potions of attraction
 m - 2 potions of degeneration
 n - 4 potions of brilliance
 u - 2 potions of cancellation
 z - 2 potions of lignification
 A - a potion of berserk rage
 B - a potion of flight


   Skills:
 + Level 5.9 Fighting
 + Level 6.8 Dodging
 * Level 9.8 Unarmed Combat
 + Level 5.8 Spellcasting
 * Level 7.2 Transmutations


You had 16 spell levels left.
You knew the following spells:

 Your Spells              Type           Power        Failure   Level
a - Beastly Appendage     Tmut           ###...       4%          1
b - Spider Form           Tmut/Pois      ##........   28%         3

Your spell library contained the following spells:

 Spells                   Type           Power        Failure   Level
 Wereblood                Tmut           ###.....     6%          2
 Blade Hands              Tmut           ###.......   45%         5
 Ice Form                 Ice/Tmut       ##......     58%         4


Dungeon Overview and Level Annotations

Branches:
Dungeon (10/15)            Temple (1/1) D:4         Ossuary (visited)
   Lair: D:8-11         Orc: D:9-12

Altars:
Ashenzari
Cheibriados
Dithmenos
Fedhas
Gozag
Hepliaklqana
Kikubaaqudgha
Makhleb
Nemelex Xobeh
Okawaru
Qazlal
Ru
Sif Muna
Trog
Uskayaw
Vehumet
Wu Jian
Xom
Yredelemnul
Zin
The Shining One

Shops:
D:9 [

Annotations:
D:5 1 runed translucent door, Blackmass's ghost, novice OpTm
D:9 1 runed translucent door, nicanaca0's ghost, novice SpBr


Innate Abilities, Weirdness & Mutations

((You have a beak for a mouth.))
((You have claws for feet.))
You can fly continuously.


Message History

a +0 flail; an orc corpse
Things that are here:
a cursed -1 dagger; a +0 robe; an orc corpse
Casting: Spider Form (dangerous; 12% risk of failure)
Confirm with . or Enter, or press ? or * to list all spells.
You turn into a venomous arachnid creature.
Your +1 cloak melds into your body.
Your +0 pair of gloves melds into your body.
Your +0 robe melds into your body.
Your transformation is almost over.
The orc warrior hits you with a +0 long sword!!
* * * LOW HITPOINT WARNING * * *
You hit the orc warrior but do no damage.
The orc warrior is poisoned.
The orc warrior is heavily wounded.
You hit the orc warrior but do no damage.
The orc warrior looks as sick as possible!
The orc warrior is heavily wounded.
The orc warrior hits you with a +0 long sword!!
You die...

................
###......#.####
#...#.##.#.#
#######.#.##.#.####
.<........##.#.....
########...####.######
#.....................
#.#####.....###.######
#))oos......# #'#
#....######.#...#
#.... #.#...# #....
#.#...# #.... #.#...#
#### #.... #.#...#
#... #.#.# #.#....
.... #.#. ..# ....
....


You could see an orc warrior (extremely poisoned) and an orc.

Vanquished Creatures
  A two-headed ogre (D:10)
  A centaur skeleton (D:10)
  A troll (D:9)
  A wraith (Ossuary)
  Eustachio (D:4)
  2 sky beasts (D:6)
  2 black bears (D:10)
  3 orc warriors
  A hornet zombie (D:6)
  4 phantoms
  2 ice beasts
  A necrophage (D:6)
  3 ogres
  3 centaurs
  Blork the orc (D:6)
  A big kobold (D:9)
  3 bullfrogs
  A water moccasin zombie (D:5)
  5 scorpions
  5 wights (D:9)
  3 howler monkeys (D:8)
  A bullfrog zombie (D:6)
  A jelly (D:5)
  A quasit (D:10)
  5 hounds
  8 orc priests
  Crazy Yiuf (D:2)
  6 orc wizards
  A gnoll shaman (D:7)
  A bullfrog skeleton (D:10)
  6 iguanas
  Jessica (D:2)
  Natasha (thrice) (D:4)
  4 worker ants (D:4)
  A killer bee zombie (D:7)
  A mummy (Ossuary)
  A howler monkey zombie (D:10)
  A howler monkey skeleton (D:4)
  7 gnolls (D:7)
  12 adders
  2 shadow imps
  An ufetubus (D:9)
  2 oozes
  An adder skeleton (D:4)
  2 worms
  2 dart slugs (D:1)
  5 leopard geckos
  27 orcs
  A ball python (D:2)
  A giant cockroach (D:6)
  5 goblins
  5 hobgoblins
  8 jackals
  13 kobolds
  2 quokkas
  8 bats
  4 frilled lizards
  5 gnoll skeletons (Ossuary)
  5 kobold skeletons (Ossuary)
  A leopard gecko zombie (D:5)
  15 orc skeletons (Ossuary)
  3 rats
225 creatures vanquished.

Vanquished Creatures (others)
  A fungus (D:9)
  4 plants (D:9)
5 creatures vanquished.

Grand Total: 230 creatures vanquished

Notes
Turn   | Place    | Note
-------+----------+-------------------------------------------
     0 | D:1      | kae the Tengu Transmuter began the quest for the Orb.
     0 | D:1      | Reached XP level 1. HP: 12/12 MP: 4/4
   325 | D:1      | Reached XP level 2. HP: 16/16 MP: 4/6
   572 | D:1      | You fall into a shaft and drop 1 floor!
   705 | D:2      | Found a burning altar of Makhleb.
   711 | D:2      | Reached XP level 3. HP: 17/20 MP: 5/7
  1089 | D:2      | Reached XP level 4. HP: 21/25 MP: 6/8
  1145 | D:1      | Found an iron altar of Okawaru.
  1657 | D:3      | Noticed a centaur
  1892 | D:2      | Reached skill level 4 in Unarmed Combat
  2133 | D:2      | Learned a level 3 spell: Spider Form
  2767 | D:3      | Found a shimmering blue altar of Sif Muna.
  2800 | D:3      | Killed a centaur
  2800 | D:3      | Gained mutation: You can fly continuously. [Tengu growth]
  2800 | D:3      | Reached XP level 5. HP: 13/30 MP: 2/10
  3051 | D:2      | Noticed Jessica
  3359 | D:3      | Reached XP level 6. HP: 7/35 MP: 5/11
  3691 | D:2      | Killed Jessica
  3990 | D:2      | Found a runed translucent door.
  3991 | D:2      | Noticed Crazy Yiuf
  4347 | D:2      | Killed Crazy Yiuf
  4666 | D:4      | Noticed Eustachio
  4717 | D:4      | Noticed Natasha
  4901 | D:4      | Killed Natasha
  4952 | D:4      | Noticed a phantom
  4960 | D:4      | Found a staircase to the Ecumenical Temple.
  4971 | Temple   | Entered the Ecumenical Temple
  5058 | D:4      | You are sucked into a shaft and drop 2 floors!
  5058 | D:6      | Noticed an orc warrior
  5064 | D:6      | Noticed Blork the orc
  5065 | D:6      | Noticed a sky beast
  5096 | D:6      | Reached skill level 5 in Unarmed Combat
  5233 | D:5      | Entered Level 5 of the Dungeon
  5251 | D:5      | Noticed an orc warrior
  5371 | D:6      | Reached XP level 7. HP: 36/40 MP: 10/12
  5684 | D:6      | Killed Blork the orc
  5946 | D:6      | Found a bloodstained altar of Trog.
  5972 | D:6      | Reached skill level 6 in Unarmed Combat
  5972 | D:6      | Reached XP level 8. HP: 35/46 MP: 10/14
  6526 | D:4      | Noticed Natasha
  6536 | D:4      | Killed Natasha
  6748 | D:4      | Noticed Natasha
  6773 | D:4      | Killed Natasha
  6865 | D:4      | Killed Eustachio
  6919 | D:4      | Reached skill level 7 in Unarmed Combat
  7063 | D:4      | Reached skill level 5 in Transmutations
  7780 | D:4      | Reached skill level 5 in Dodging
  7780 | D:4      | Reached XP level 9. HP: 46/52 MP: 14/16
  8121 | D:5      | Found a shadowy altar of Dithmenos.
  8123 | D:5      | Found a runed translucent door.
  8822 | D:5      | Noticed Blackmass's ghost (novice OpTm)
  8884 | D:6      | Found a glowing silver altar of Zin.
  9434 | D:6      | Reached skill level 8 in Unarmed Combat
  9509 | D:6      | Found a shimmering altar of Xom.
  9518 | D:6      | Found an ornate altar of the Wu Jian Council.
  9518 | D:6      | Found a sparkling altar of Nemelex Xobeh.
  9519 | D:6      | Found a glowing golden altar of the Shining One.
  9519 | D:6      | Found a broken altar of Ashenzari.
  9520 | D:6      | Found a blossoming altar of Fedhas.
  9523 | D:6      | Found a stormy altar of Qazlal.
  9526 | D:6      | Became a worshipper of the Wu Jian Council
  9989 | D:7      | Found a sand-covered staircase.
 10082 | Ossuary  | Entered an ossuary
 10145 | Ossuary  | Reached * piety under Wu Jian
 10568 | Ossuary  | Identified 3 scrolls of acquirement
 10568 | Ossuary  | Acquired the ring of Ityiz {Wiz Dex+4 Slay+3 Stlth-}
 10589 | D:7      | Acquired 894 gold pieces
 10595 | D:7      | Acquired 392 gold pieces
 10695 | D:7      | Reached skill level 5 in Spellcasting
 10948 | D:7      | You are sucked into a shaft and drop 3 floors!
 10948 | D:10     | Entered Level 10 of the Dungeon
 10963 | D:10     | Noticed a two-headed ogre
 10973 | D:10     | Killed a two-headed ogre
 10973 | D:10     | Reached skill level 5 in Fighting
 10973 | D:10     | Reached XP level 10. HP: 29/59 MP: 15/18
 11247 | D:10     | Reached skill level 9 in Unarmed Combat
 11793 | D:9      | Found a runed translucent door.
 11793 | D:9      | Identified the +8 spear of Lyovil Pamp {freeze, +Fly rC+++
                  | MR+ Stlth+}
 11842 | D:9      | Reached ** piety under Wu Jian
 12104 | D:9      | Noticed nicanaca0's ghost (novice SpBr)
 12188 | D:9      | Found Yloetisk's Antique Armour Shop.
 12508 | D:8      | Found a snail-covered altar of Cheibriados.
 12734 | D:8      | Mangled by an orc warrior

Illustrated notes

Levels and vault maps discovered:
D:1:      eino_arrival_water_star, layout_loops_corners,
          okawaru_ov_weapons_minmay
D:2:      layout_rooms, makhleb_blood_cavern_becter, uniq_crazy_yiuf_cottage,
          uniq_jessica
D:3:      layout_basic, lemuel_crystal_altar
D:4:      minmay_evil_eye, layout_basic, minmay_temple_entry_statues_pillars,
          grunt_ministairs_2, hangedman_abyss_or_decor_stabs, uniq_natasha,
          uniq_eustachio
D:5:      layout_loops_corners, grunt_dithmenos_smoke,
          ebering_ghost_reflecting_pool
D:6:      layout_gridville, kennysheep_mini, minitemple, bloody_trog,
          uniq_blork_the_orc
D:7:      layout_basic, enter_ossuary_2
D:8:      layout_basic, lair_entry_dummy, gammafunk_ghost_necromancy,
          basic_altar
D:9:      layout_cave_pools, elyvilon_altar_1, ebering_ghost_funeral_grove,
          serial_shops, nicolae_shop_overgrown_old_shop, special_room
          [special_room_kobold]
D:10:     layout_basic, special_room [special_room_bee]
Temple:   zaba_magenta_temple

Skill      XL: |  1  2  3  4  5  6  7  8  9 10 |
---------------+-------------------------------+-----
Transmutations | 2 3 4 5 6 7 |  7.2
Unarmed Combat | 4 5 6 7 8 9 |  9.8
Fighting       | 2 3 4 5 |  5.9
Dodging        | 3 4 5 6 |  6.8
Spellcasting   | 3 4 5 |  5.8

Action                   |  1- 3 |  4- 6 |  7- 9 | 10-12 || total
-------------------------+-------+-------+-------+-------++-------
Melee: Unarmed           |    37 |   127 |   359 |   169 ||   692
       Peck              |     6 |     8 |    34 |    17 ||    65
       Kick              |     6 |    21 |    67 |    25 ||   119
       Headbutt          |     2 |    12 |    28 |    13 ||    55
       Punch             |       |       |     5 |    11 ||    16
 Cast: Beastly Appendage |    12 |    18 |    25 |     9 ||    64
       Spider Form       |       |     8 |    31 |     9 ||    48
Invok: Lunge             |       |       |    14 |     6 ||    20
       Whirlwind         |       |       |       |     1 ||     1
 Abil: Fly               |       |     1 |       |       ||     1
  Use: Potion            |       |     3 |     1 |     1 ||     5
       Scroll            |       |    10 |    13 |       ||    23
 Stab: Sleeping          |     1 |       |     2 |       ||     3
Armor: Robe              |     6 |    20 |    12 |    14 ||    52
       Skin              |       |     6 |     3 |     1 ||    10
Dodge: Dodged            |    31 |   159 |   270 |   137 ||   597

Table legend: (Time is in decaauts)
 A = Elapsed time spent in this place.
 B = Non-inter-level travel time spent in this place.
 C = Inter-level travel time spent in this place.
 D = Time resting spent in this place.
 E = Time spent auto-exploring this place.
 F = Levels seen in this place.
 G = Mean time per level.
                   A        B        C        D        E       F      G
               +--------+--------+--------+--------+--------+-----+--------+
         Total |  12245 |  11850 |    395 |   2923 |   7083 |  12 | 1020.4 |
       Dungeon |  11674 |  11296 |    378 |   2914 |   6642 |  10 | 1167.4 |
        Temple |     69 |     53 |     16 |      0 |     51 |   1 |   69.0 |
       Ossuary |    501 |    501 |      0 |      9 |    390 |   1 |  501.0 |
               +--------+--------+--------+--------+--------+-----+--------+

Top non-repeatable levels by time:
     D:3: 1907 daAuts
     D:2: 1772 daAuts
     D:6: 1707 daAuts
     D:4: 1465 daAuts
     D:5: 1307 daAuts
     D:1: 1100 daAuts
    D:10: 934 daAuts
     D:7: 708 daAuts
 Ossuary: 501 daAuts
     D:8: 469 daAuts
     D:9: 300 daAuts
  Temple: 69 daAuts
